 Dungeon Crawl Stone Soup version 0.13-a0-3060-g5a62039 (webtiles) character file.

13770 PolkaDot the Cloud Mage (level 11, -1/66 HPs)
             Began as a Vampire Wizard on Sept 15, 2013.
             Was the Champion of Sif Muna.
             Killed from afar by a manticore (9 damage)
             ... with a volley of spikes
             ... on Level 12 of the Dungeon on Sept 16, 2013.
             The game lasted 01:55:19 (15507 turns).

PolkaDot the Cloud Mage (Vampire Wizard)           Turns: 15507, Time: 01:55:20

HP  -1/66        AC  9     Str  6      XL: 11   Next: 73%
MP   0/23        EV 12     Int 25      God: Sif Muna [******]
Gold 526         SH  0     Dex 12      Spells:  6 memorised,  1 level left

Res.Fire  : + . .   See Invis. : +   y - +2,+1 sabre "Tano" {pain, rElec rN+}
Res.Cold  : + + .   Warding    : .   d - +2 robe {rF+}
Life Prot.: + + +   Conserve   : .   (no shield)
Res.Poison: +       Res.Corr.  : .   b - +1 wizard hat
Res.Elec. : +       Clarity    : .   p - +2 cloak {rPois}
Sust.Abil.: . .     Spirit.Shd : .   (no gloves)
Res.Mut.  : .       Stasis     : .   F - +0 pair of boots
Res.Rott. : +       Flight     : .   (no amulet)
Saprovore : . . .                    (no ring)
                                     (no ring)

@: regenerating slowly, somewhat resistant to hostile enchantments, stealthy
A: bottle blood, fangs 3, see invisible, unbreathing, Int +2
a: Bat Form, Bottle Blood, Channel Energy, Forget Spell, Renounce Religion


You were on level 12 of the Dungeon.
You worshipped Sif Muna.
Sif Muna was exalted by your worship.
You were near bloodless.

You visited 2 branches of the dungeon, and saw 13 of its levels.

You collected 506 gold pieces.

Inventory:

Hand weapons
 y - the cursed +2,+1 sabre "Tano" (weapon) {pain, rElec rN+}
   (You found it on level 7 of the Dungeon)

   In the hands of one skilled in necromantic magic, it inflicts extra damage on
   living creatures.
   It insulates you from electricity.
   It protects you from negative energy.
   It has a curse placed upon it.
Armour
 b - a +1 wizard hat (worn)
 d - a +2 robe of fire resistance (worn)
 p - a +2 cloak of poison resistance (worn)
 F - a +0 pair of boots (worn)
Magical devices
 e - a wand of slowing (15)
 g - a wand of slowing (15)
 i - a wand of digging (15) {unknown}
 r - a wand of frost (12)
 s - a wand of digging (14) {unknown}
 E - a wand of random effects (16) {unknown}
Scrolls
 a - a scroll of enchant armour
 h - 3 scrolls of enchant weapon II
 j - 3 scrolls of teleportation
 k - 2 scrolls of fear
 n - 9 scrolls of remove curse
 v - a scroll of amnesia
 x - a scroll of immolation {unknown}
 B - a scroll of blinking
 G - a scroll of identify
Jewellery
 q - an uncursed ring of teleportation
Potions
 l - a potion of brilliance
 m - a potion of magic
 t - 2 potions of resistance
 w - a potion of might
 z - 3 potions of blood
 C - a potion of degeneration {unknown}
 D - 2 potions of confusion {unknown}
Books
 c - a book of Minor Magic

   Spells                             Type                      Level
   *Magic Dart                        Conjuration                  1
   Blink                              Translocation                2
   Call Imp                           Summoning                    2
   Repel Missiles                     Charms/Air                   2
   Slow                               Hexes                        2
   *Conjure Flame                     Conjuration/Fire             3
   *Mephitic Cloud                    Conjuration/Poison/Air       3
 f - a book of the Sky

   Spells                             Type                      Level
   *Flight                            Charms/Air                   3
   *Airstrike                         Air                          4
   Silence                            Hexes/Air                    5
   Deflect Missiles                   Charms/Air                   6
   Conjure Ball Lightning             Conjuration/Air              7
   Tornado                            Air                          9
 o - a book of Envenomations

   Spells                             Type                      Level
   Spider Form                        Transmutation/Poison         3
   Poison Weapon                      Charms/Poison                3
   Summon Scorpions                   Summoning/Poison             4
   *Olgreb's Toxic Radiance           Poison                       4
   Poisonous Cloud                    Conjuration/Poison/Air       6
 u - a Necronomicon {highlevel}

   This book is beyond your current level of understanding.

   Spells                             Type                      Level
   Borgnjor's Revivification          Necromancy                   7
   Haunt                              Necromancy/Summoning         7
   Death's Door                       Charms/Necromancy            8
   Necromutation                      Transmutation/Necromancy     8
 A - a book of Geomancy

   Spells                             Type                      Level
   Sandblast                          Earth                        1
   Stoneskin                          Transmutation/Earth          2
   Passwall                           Transmutation/Earth          3
   Stone Arrow                        Conjuration/Earth            3
   Petrify                            Transmutation/Earth          4
   Lee's Rapid Deconstruction         Earth                        5


   Skills:
 - Level 2.1 Dodging
 - Level 3.0 Stealth
 - Level 4.5 Spellcasting
 + Level 4.8 Conjurations
   Level 1.0 Summonings
   Level 0.7 Translocations
 - Level 6.2 Fire Magic
 * Level 12.2 Air Magic
 + Level 5.6 Poison Magic
 - Level 5.4 Invocations
 - Level 3.8 Evocations


You had one spell level left.
You knew the following spells:

 Your Spells              Type           Power        Failure   Level  Hunger
a - Magic Dart            Conj           ####         1%          1    None
d - Mephitic Cloud        Conj/Pois/Air  #####...     1%          3    ##.....
q - Flight                Chrm/Air       #####.....   1%          3    ##.....
s - Conjure Flame         Conj/Fire      ####....     2%          3    ##.....
x - Airstrike             Air            ######....   1%          4    ####...
z - Olgreb's Toxic Radia  Pois           ####....     12%         4    ####...


Dungeon Overview and Level Annotations

Branches:
Dungeon (12/27)            Temple (1/1) D:5             Orc (0/4) D:7
   Lair: D:8-13

Altars:
Ashenzari
Cheibriados
Elyvilon
Fedhas
Kikubaaqudgha
Makhleb
Nemelex Xobeh
Okawaru
Sif Muna
Trog
Vehumet
Xom
Yredelemnul
Zin
the Shining One

Shops:
D:8 *   D:10 *?[

Annotations:
D:9 glosham's ghost, powerful OgHe
D:11 acidapple's ghost, powerful MfGl


Innate Abilities, Weirdness & Mutations

You heal slowly.
You can bottle blood from corpses.
You have razor-sharp teeth.*
You have supernaturally acute eyesight.
You can survive without breathing.*
Your mind is acute. (Int +2)


Message History

Okay, then.
Use which ability? (? or * to list)
You channel some magical energy.
Use which ability? (? or * to list)
You channel some magical energy.
The manticore flicks its tail!
The volley of spikes hits you!
* * * LOW HITPOINT WARNING * * *
Casting: Magic Dart
Confirm with . or Enter, or press ? or * to list all spells.
Aiming: Mephitic Cloud
Press: ? - help, Shift-Dir - straight line, f/p - manticore
Aim: a manticore (almost dead)
The beam explodes into a vile cloud!
The stinking cloud engulfs the manticore.
The manticore is almost dead.
The stinking cloud engulfs you!
* * * LOW HITPOINT WARNING * * *
The manticore is engulfed in noxious fumes.
The manticore flicks its tail!
The volley of spikes hits you!
You die...

#### . ...# .. #..#
#### . #..# ##."+# #
. #..# #...$# .####.
#>.# #).)[#
.≈≈#.######..####'.%#
≈≈≈≈.##......##H@####
≈≈≈≈≈.'.......§§...#
≈≈≈≈≈##.......####.#
≈≈≈≈≈##.......## .#
≈≈≈≈≈######...#.. .
≈≈≈≈≈### #..... ..
≈≈≈≈≈..# #...#. ##
≈≈≈≈≈#.# #...#
≈≈≈≈≈#.####...#.##.


You could see a manticore.

Vanquished Creatures
  A centaur warrior (D:12)
  An unseen horror (D:10)
  3 hill giants
  Maurice (D:9)
  A komodo dragon (D:11)
  2 trolls
  Prince Ribbit (D:9)
  A two-headed ogre (D:10)
  A hill giant zombie (D:7)
  11 yaks
  3 hippogriffs
  A steam dragon (D:11)
  A water elemental (D:12)
  Eustachio (D:8)
  2 hill giant skeletons (D:10)
  A vampire mosquito (D:11)
  5 hungry ghosts
  A manticore (D:10)
  3 sky beasts
  4 ice beasts
  4 black bears
  2 giant goldfish
  2 orc warriors
  7 phantoms
  4 centaurs
  7 ogres
  Sigmund (D:2)
  3 giant frogs
  A manticore zombie (D:7)
  Blork the orc (D:8)
  A troll zombie (D:7)
  A yak zombie (D:8)
  5 jellies
  2 jellyfish
  6 killer bees (D:11)
  5 wights (D:9)
  An electric eel (D:7)
  7 crimson imps
  2 goliath beetles
  7 hounds
  6 orc priests
  A quasit (D:7)
  Crazy Yiuf (D:2)
  A spider (D:11)
  2 big fish (D:7)
  An orange rat (D:8)
  7 orc wizards
  7 scorpions
  2 iguanas
  12 worker ants
  6 ogre zombies (D:7)
  A mummy (D:6)
  A worker ant zombie (D:11)
  7 gnolls
  13 adders
  3 green rats (D:8)
  A worm zombie (D:5)
  2 giant centipedes
  A giant mite (D:9)
  7 worms
  An adder zombie (D:9)
  2 iguana zombies
  4 grey rats (D:8)
  2 giant eyeballs
  4 giant geckos
  2 oozes
  31 orcs
  3 ball pythons (D:1)
  2 bat skeletons
  12 goblins
  18 hobgoblins
  10 jackals
  5 quokkas
  13 bats
  4 giant cockroaches
  5 giant newts
  2 goblin skeletons (D:7)
  2 goblin zombies (D:7)
  2 hobgoblin skeletons
  5 hobgoblin zombies
  9 kobolds
  2 orc skeletons (D:7)
  15 orc zombies (D:7)
  28 rats
  A rat zombie (D:7)
  5 ballistomycetes (D:6)
385 creatures vanquished.

Vanquished Creatures (collateral kills)
  A worker ant (D:11)
1 creature vanquished.

Vanquished Creatures (others)
  A giant spore (D:6)
1 creature vanquished.

Grand Total: 387 creatures vanquished

Notes
Turn   | Place    | Note
--------------------------------------------------------------
     0 | D:1      | PolkaDot, the Vampire Wizard, began the quest for the Orb.
     0 | D:1      | Reached XP level 1. HP: 11/11 MP: 6/6
   183 | D:1      | Reached skill level 1 in Conjurations
   374 | D:1      | Reached XP level 2. HP: 17/17 MP: 0/8
  1368 | D:2      | Reached XP level 3. HP: 14/22 MP: 1/10
  1760 | D:2      | Learned a level 3 spell: Conjure Flame
  1764 | D:2      | Learned a level 3 spell: Mephitic Cloud
  1894 | D:2      | Noticed Sigmund
  1905 | D:2      | Gained mutation: Your mind is acute. (Int +2) [potion of mutation]
  1916 | D:2      | Killed Sigmund
  1916 | D:2      | Reached XP level 4. HP: 28/28 MP: 1/12
  2254 | D:2      | Reached XP level 5. HP: 27/33 MP: 8/14
  2276 | D:2      | Noticed Crazy Yiuf
  2294 | D:2      | Killed Crazy Yiuf
  2819 | D:3      | Reached skill level 4 in Spellcasting
  3091 | D:3      | Found a snail-covered altar of Cheibriados.
  3091 | D:3      | Found an iron altar of Okawaru.
  3606 | D:3      | Reached XP level 6. HP: 39/39 MP: 0/17
  4414 | D:5      | Entered Level 5 of the Dungeon
  4546 | D:5      | Reached skill level 1 in Air Magic
  4546 | D:5      | Reached skill level 1 in Poison Magic
  4729 | D:5      | Found a staircase to the Ecumenical Temple.
  4741 | Temple   | Entered the Ecumenical Temple
  4832 | Temple   | Became a worshipper of Sif Muna the Loreminder
  4857 | D:5      | Reached XP level 7. HP: 32/44 MP: 11/19
  5115 | D:5      | Reached skill level 1 in Evocations
  5488 | D:5      | Acquired Sif Muna's first power
  5798 | D:6      | Reached XP level 8. HP: 37/50 MP: 12/20
  6012 | D:6      | Found a snail-covered altar of Cheibriados.
  6514 | D:6      | Reached skill level 5 in Air Magic
  6537 | D:6      | Reached skill level 1 in Fire Magic
  6550 | D:6      | Acquired Sif Muna's second power
  6923 | D:7      | Reached skill level 6 in Air Magic
  7100 | D:7      | Reached XP level 9. HP: 39/55 MP: 0/21
  7421 | D:7      | Reached skill level 1 in Invocations
  7470 | D:7      | Found a staircase to the Orcish Mines.
  7531 | D:7      | Reached skill level 7 in Air Magic
  8206 | D:7      | Reached skill level 8 in Air Magic
  9028 | D:7      | Got a polished sabre
  9029 | D:7      | Identified the cursed sabre "Tano" {pain, rElec rN+} (You found it on level 7 of the Dungeon)
  9573 | D:8      | Noticed Blork the orc
  9589 | D:8      | Killed Blork the orc
  9589 | D:8      | Reached XP level 10. HP: 55/61 MP: 8/22
  9664 | D:8      | Found Buig Mos' Assorted Antiques.
  9674 | D:8      | Found a white marble altar of Elyvilon.
  9754 | D:8      | Noticed Eustachio
  9770 | D:8      | Killed Eustachio
  9814 | D:8      | Acquired Sif Muna's third power
 10102 | D:8      | Reached skill level 9 in Air Magic
 10842 | D:9      | Noticed Prince Ribbit
 10851 | D:9      | Killed Prince Ribbit
 10954 | D:9      | Noticed glosham's ghost (powerful OgHe)
 10999 | D:10     | Entered Level 10 of the Dungeon
 11316 | D:10     | Noticed a hill giant
 11339 | D:10     | Killed a hill giant
 11400 | D:10     | Reached skill level 5 in Fire Magic
 11460 | D:10     | Reached skill level 10 in Air Magic
 11480 | D:10     | Found Oseunota's Magic Scroll Emporium.
 11514 | D:10     | Reached skill level 5 in Invocations
 11524 | D:10     | Found Atocuu's Armour Shop.
 11929 | D:10     | Learned a level 4 spell: Olgreb's Toxic Radiance
 12011 | D:10     | Noticed an unseen horror
 12035 | D:10     | Killed an unseen horror
 12041 | D:10     | HP: 1/61 [two-headed ogre/giant club (14)]
 12371 | D:9      | Reached XP level 11. HP: 61/66 MP: 11/23
 12831 | D:9      | Noticed Maurice
 12834 | D:9      | Paralysed by a giant eyeball for 3 turns
 12857 | D:9      | Killed Maurice
 12911 | D:9      | Reached skill level 11 in Air Magic
 13664 | D:10     | Found Iroloj's General Store.
 13985 | D:11     | Noticed a hill giant
 14049 | D:11     | Killed a hill giant
 14328 | D:11     | Reached skill level 5 in Poison Magic
 14533 | D:11     | Paralysed by a giant eyeball for 4 turns
 14539 | D:11     | Paralysed by a giant eyeball for 4 turns
 14599 | D:11     | Received a gift from Sif Muna
 14741 | D:11     | Learned a level 3 spell: Flight
 14746 | D:11     | Learned a level 4 spell: Airstrike
 14762 | D:11     | Noticed acidapple's ghost (powerful MfGl)
 15401 | D:12     | Reached skill level 12 in Air Magic
 15450 | D:12     | Noticed a hill giant
 15450 | D:12     | Noticed a centaur warrior
 15470 | D:12     | Killed a centaur warrior
 15471 | D:12     | Killed a hill giant
 15507 | D:12     | Killed from afar by a manticore

Action                   |  1- 3 |  4- 6 |  7- 9 | 10-12 || total
-------------------------+-------+-------+-------+-------++-------
Melee: Dagger            |    13 |    24 |     2 |       ||    39
       Sabre             |       |       |   101 |    60 ||   161
 Cast: Magic Dart        |    88 |   159 |   424 |   541 ||  1212
       Mephitic Cloud    |     1 |     3 |    22 |    59 ||    85
       Conjure Flame     |       |     7 |    61 |    61 ||   129
       Olgreb's Toxic Ra |       |       |       |    51 ||    51
       Airstrike         |       |       |       |     8 ||     8
Invok: Channel Energy    |       |       |    84 |   375 ||   459
 Abil: Bottle Blood      |       |       |    14 |    32 ||    46
  Use: Potion            |     5 |     1 |    13 |    48 ||    67
       Scroll            |       |    13 |     3 |     7 ||    23
 Stab: Sleeping          |     1 |       |     2 |       ||     3
       Confused          |     2 |       |     1 |     2 ||     5
